 Dungeon Crawl Stone Soup version 0.27.1-35-g4d5d836560 (console) character file.

Game seed: 17799859006961187227

5687 grimtooth the Schismatic (level 10, 0/83 HPs)
             Began as a Demonspawn Abyssal Knight on June 3, 2022.
             Was an Elder of Lugonu.
             Killed from afar by a steam dragon (15 damage)
             ... with a ball of steam
             ... on level 7 of the Dungeon.
             The game lasted 01:02:17 (14278 turns).

grimtooth the Schismatic (DsAK)                    Turns: 14278, Time: 01:02:18

Health: 0/83       AC:  8    Str: 15    XL:     10   Next: 47%
Magic:  18/18      EV: 10    Int: 14    God:    Lugonu [****..]
Gold:   295        SH:  5    Dex: 13    Spells: 9/9 levels left

rFire    . . .     SeeInvis .   a - +0 flail
rCold    . . .     Faith    .   (no shield)
rNeg     . . .     Spirit   .   e - +0 ring mail
rPois    +         Reflect  +   (no helmet)
rElec    .         Harm     .   (no cloak)
rCorr    .         Rampage  .   (no gloves)
Will     .....                  r - +0 pair of boots
Stlth    +.........             k - amulet of reflection
HPRegen  0.23/turn              j - ring of poison resistance
MPRegen  0.16/turn              s - ring of flight

@: flying
A: claws 2, icy blue scales 1, condensation shield
a: Renounce Religion, Depart the Abyss, Bend Space, Banish, Corrupt


You were on level 7 of the Dungeon.
You worshipped Lugonu.
Lugonu was greatly pleased with you.
You visited 1 branch of the dungeon, and saw 7 of its levels.
You visited the Abyss 1 time.

You collected 511 gold pieces.
You spent 216 gold pieces at shops.

Inventory:

Hand Weapons
 a - a +0 flail (weapon)
 b - a +0 hunting sling
 c - a +0 whip of flaming
 d - a +1 mace
Missiles
 f - 64 poisoned darts (quivered)
 g - 103 sling bullets
 t - 11 boomerangs
Armour
 e - a +0 ring mail (worn)
 h - a +0 leather armour
 r - a +0 pair of boots (worn)
Jewellery
 j - a ring of poison resistance (left claw)
 k - an amulet of reflection (around neck)
 s - a ring of flight (right claw)
 D - a ring of ice
Wands
 p - a wand of flame (1)
 y - a wand of polymorph (2)
Scrolls
 i - 2 scrolls of enchant weapon
 u - a scroll of vulnerability {unknown}
 w - 2 scrolls of blinking {unknown}
 C - a scroll of amnesia {unknown}
 E - a scroll of magic mapping {unknown}
Potions
 l - 2 potions of haste
 m - 2 potions of might
 q - a potion of attraction
 v - a potion of ambrosia
 x - a potion of brilliance
 z - 2 potions of lignification
 A - a potion of flight
 B - a potion of resistance


   Skills:
 - Level 9.0 Fighting
 - Level 9.0 Maces & Flails
 - Level 3.0 Throwing
 * Level 3.3 Armour
 - Level 0.8 Dodging
 + Level 10.7 Invocations


You had 9 spell levels left.
You didn't know any spells.
Your spell library contained the following spells:

 Spells                   Type           Power      Damage    Failure   Level
 Ensorcelled Hibernation  Hex/Ice        0%         N/A       63%         2
 Dazzling Flash           Conj/Hex       0%         N/A       86%         3
 Spider Form              Tmut/Pois      0%         N/A       86%         3
 Iskenderun's Mystic Bla  Conj/Tloc      0%         2d3       99%         4
 Olgreb's Toxic Radiance  Pois           0%         N/A       99%         4
 Shadow Creatures         Summ           N/A        N/A       100%        6
 Starburst                Conj/Fire      0%         6d3       100%        6
 Ozocubu's Refrigeration  Ice            0%         4d5       100%        7
 Ignition                 Fire           0%         3d3       100%        8


Dungeon Overview and Level Annotations

Branches:
Dungeon (7/15)             Temple (0/1) D:5

Altars:
Dithmenos
Trog
Yredelemnul

Shops:
D:3 =::   D:6 ![

Annotations:
D:3 2 runed translucent doors, Extell's ghost, weakling TeWz
Abyss:1 Joseph


Innate Abilities, Weirdness & Mutations

You have very sharp fingernails.
You are partially covered in icy blue scales. (AC +2)
A meltable shield of frost defends you. (SH +0)


Message History

The steam dragon bites you. The steam dragon barely misses you.
You are too injured to fight recklessly!
You hit the steam dragon.
The steam dragon is moderately wounded.
You block the steam dragon's attack. The steam dragon barely misses you.
You hit the steam dragon.
The steam dragon is moderately wounded.
You are engulfed in a cloud of scalding steam.
You block the steam dragon's attack. The steam dragon closely misses you.
You hit the steam dragon.
The steam dragon is heavily wounded.
You barely miss the steam dragon.
The steam dragon is heavily wounded.
The steam dragon barely misses you. The steam dragon closely misses you.
You sock the steam dragon!
The steam dragon is severely wounded.
The steam dragon bites you.
The steam dragon claws you but does no damage.
You thump the steam dragon!
The steam dragon is almost dead.
You block the steam dragon's attack. The steam dragon claws you.
* * * LOW HITPOINT WARNING * * *
You hit the steam dragon but do no damage.
The steam dragon is almost dead.
The steam dragon breathes steam at you. The ball of steam misses you.
You hit the steam dragon but do no damage.
The steam dragon is almost dead.
The steam dragon breathes steam at you. The ball of steam hits you.
* * * LOW HITPOINT WARNING * * *
You barely miss the steam dragon.
The steam dragon is almost dead.
You are engulfed in a cloud of scalding steam.
* * * LOW HITPOINT WARNING * * *
The steam dragon bites you but does no damage.
You block the steam dragon's attack. The steam dragon breathes steam at you.
The ball of steam hits you!
You die...

#..##'.....'##...#
#
##.#.#.....#.#.#.#
#
#..###.....###...#
#
..#...#...#...#..#
#....)......#....#
##.#.....#######.#
#.#.##### #.#
#.#.# ##.## ##.#.#
##§..### ##.#.#
#§§§D..# ##...>
##.@.#.# ####..
##.##D# # ####.#
### (.. ..##..
..#.. ...... ##.
)#. ...##.# ##
##.# #.#.# .
...... . #.#.#.#
...##.#


You could see a steam dragon (catching breath).

Vanquished Creatures
  Pikel (D:5)
  2 hornets (D:7)
  Sigmund (D:6)
  A shadow (D:6)
  5 yaks
  Menkaure (D:7)
  2 water moccasins
  4 ice beasts (D:6)
  3 sky beasts
  A necrophage (D:5)
  3 ogres
  4 centaurs
  A phantom (D:6)
  A gnoll sergeant (D:6)
  3 bullfrogs
  A wyvern zombie (D:5)
  3 scorpions
  A water moccasin skeleton (D:6)
  2 jellies
  4 killer bees (D:7)
  2 bullfrog zombies (D:6)
  A centaur zombie (D:7)
  6 hounds
  3 bullfrog skeletons
  4 orc priests
  2 iguanas
  An orc wizard (D:4)
  A killer bee zombie (D:5)
  A howler monkey zombie (D:7)
  9 gnolls (D:4)
  A howler monkey skeleton (D:4)
  9 adders
  2 white imps (D:6)
  An ufetubus (D:4)
  An adder skeleton (D:4)
  2 worms
  4 dart slugs
  17 orcs
  9 ball pythons
  10 endoplasms
  4 giant cockroaches
  29 goblins
  26 hobgoblins
  4 jackals
  3 quokkas
  4 bats
  4 frilled lizards
  9 kobolds
  5 rats
218 creatures vanquished.

Vanquished Creatures (others)
  A wizard (D:5)
  A plant (D:5)
2 creatures vanquished.

Grand Total: 220 creatures vanquished

Notes
Turn   | Place    | Note
-------+----------+-------------------------------------------
     0 | Abyss:1  | grimtooth the Demonspawn Abyssal Knight began the quest for
                  | the Orb.
     0 | Abyss:1  | Reached XP level 1. HP: 18/18 MP: 2/2
    60 | Abyss:1  | Noticed a wretched star
    61 | D:1      | Escaped the Abyss
   170 | D:1      | Gained mutation: You are partially covered in icy blue
                  | scales. (AC +2) [demonic ancestry]
   170 | D:1      | Reached XP level 2. HP: 22/24 MP: 3/3
   230 | D:1      | Reached * piety under Lugonu
  1018 | D:2      | Reached XP level 3. HP: 29/29 MP: 4/4
  1186 | D:2      | Found a faded altar of an unknown god.
  1758 | D:2      | Reached XP level 4. HP: 37/37 MP: 5/5
  1925 | D:3      | Found a runed translucent door.
  1940 | D:3      | Noticed Extell's ghost (weakling TeWz)
  1973 | D:3      | Reached ** piety under Lugonu
  2306 | D:3      | Found a runed translucent door.
  2458 | D:3      | Found Enouf's Book Emporium.
  2514 | D:3      | Found Rokapup's Jewellery Shoppe.
  2890 | D:3      | Reached XP level 5. HP: 24/42 MP: 6/6
  2958 | D:3      | Found Axtynk's Book Shoppe.
  3393 | D:4      | Gained mutation: A meltable shield of frost defends you.
                  | (SH +0) [demonic ancestry]
  3393 | D:4      | Reached XP level 6. HP: 30/49 MP: 7/7
  3438 | D:4      | Reached skill level 5 in Maces & Flails
  3922 | D:4      | Reached *** piety under Lugonu
  4309 | D:4      | Found a basalt altar of Yredelemnul.
  4476 | D:4      | Reached skill level 5 in Fighting
  4934 | D:4      | Reached XP level 7. HP: 30/56 MP: 8/8
  5140 | D:4      | Reached **** piety under Lugonu
  5547 | D:5      | Entered Level 5 of the Dungeon
  5765 | D:5      | Found a bloodstained altar of Trog.
  5976 | D:5      | Noticed a wizard
  5979 | D:5      | Killed a wizard
  6086 | D:5      | Reached skill level 3 in Invocations
  6503 | D:5      | Gained mutation: You have sharp fingernails. [demonic
                  | ancestry]
  6503 | D:5      | Reached XP level 8. HP: 50/67 MP: 10/10
  6539 | D:5      | Found a staircase to the Ecumenical Temple.
  6768 | D:5      | Reached skill level 4 in Invocations
  6970 | D:5      | Found a shadowy altar of Dithmenos.
  7059 | D:6      | Noticed Sigmund
  7068 | D:6      | Killed Sigmund
  7077 | D:6      | Reached skill level 5 in Invocations
  7513 | D:6      | Found Damom's Armour Emporium.
  7532 | D:6      | Found Ihatwufatz's Distillery.
  7832 | D:6      | Reached skill level 6 in Invocations
  7837 | D:6      | Noticed Pikel
  8273 | D:5      | Killed Pikel
  8274 | D:5      | Reached skill level 8 in Invocations
  8274 | D:5      | Gained mutation: You have very sharp fingernails. [demonic
                  | ancestry]
  8274 | D:5      | Reached XP level 9. HP: 28/76 MP: 13/15
  8735 | D:6      | Bought 2 potions of heal wounds for 120 gold pieces
  8778 | D:6      | Reached skill level 9 in Invocations
 10076 | D:6      | - this dude is just ridiculous
 10084 | D:6      | Reached skill level 10 in Invocations
 10084 | D:6      | toughest shadow ever
 11693 | D:7      | Reached skill level 1 in Throwing
 11693 | D:7      | Reached XP level 10. HP: 17/83 MP: 17/17
 11712 | D:7      | Noticed Joseph
 12011 | D:7      | Noticed Menkaure
 12013 | D:7      | Killed Menkaure
 12184 | D:7      | - hornets
 12201 | D:7      | Paralysed by a hornet for 2 turns
 12209 | D:7      | - I mean what do I have left for these dudes
 12221 | D:7      | HP: 2/83 [hornet (3)]
 12223 | D:7      | - buts
 12818 | D:7      | Identified the +8 mace of Nuvon {protect, rPois Stlth+}
 12835 | D:7      | Banished Joseph
 12873 | D:6      | Bought a potion of might for 48 gold pieces
 12873 | D:6      | Bought a potion of might for 48 gold pieces
 13329 | D:7      | - so Joseph dropped his staff and snaked that artefact
 14278 | D:7      | Killed from afar by a steam dragon

Illustrated notes #.# #...####.#####.###.##... #.# #......#.##........###.# #.# #......#>............... #.# ###....####............. #†#########....# #............. #........##....# #............. ########.##....# #............. #.......# #........##... #####.### #....##..##..= #.######....##....... #...@W...#....∩...... ########.#.....##.... #.####..###### #.# #..# # #.# #### # #.# # #.# # #.# ####### #.# #<..... #.######.##... #.##<......... Turn 10076 on D:6: - this dude is just ridiculous

#....# #.# #.# #.#........
#####....# #.# #.#
#.#........ .........# #.#
#.# #.#........ ######...#
#.# #.# #.##.......
#...####.#####.###.##.......
#......#.##........###.#####
#......#>...................
###....####.............####
########....#
#.............#
......##....#
#.............#
#####.##....#
#@............# #.......#
#........##...#### #####.###
#....##..##..=....
#.######....##........###
#........#....∩.......#
########§#.....##.....#
#.####..######.# #.# #..#
#.# #.# #### #.# #.# #.# #.#
#.#


Turn 10084 on D:6: toughest shadow ever .. ...######## . #........# ###.
###########.# ###... #.........#.# ....# #.#######.#.# #..# #.# #.#.# #..#####.#
#.#.# #......@.# #.#.##### #.######## #.......# #. ###.###.# #. #.# #.# ..
####.###.# #.... ###########.....##.# #.... ................#.# ....
#..#######.###.##.. ... #..# #.# #..... .. #.# #..# #.# ###### #.#
#.###..#######.# Turn 12184 on D:7: - hornets .. ...######## . #........# ###.
###########.# #... #.(.(.(.y.#.# ...# #.#######@#.# #..# #.# #.#.# #..#####.#
#.#.# #........# #.#.##### #.######## #.......# #. ###.###.# #. #.# #.# ..
####.###.# ### .. ###########.....##.# #.. .. ................#.########.. ..
#..#######.###.##........... Turn 12209 on D:7: - I mean what do I have left for
these dudes .. ...######## . #........# ###. ###########.# #... #.(.(.(.(.#.#
...# #.#######@#.# #..# #.# #.#.# #..#####.# #.#.# #........# #.#.#####
#.######## #.......# #. ###.###.# #. #.# #.# .. ####.###.# ### ..
###########.....##.# #.. .. ................#.########.. ..
#..#######.###.##........... Turn 12223 on D:7: - buts .. #.# .###.##.##
........>## .###......# # #....... #.# #......# ## ##.###.....## #
..........#.## #.##.#####..# #.#.###.## ..o.........# #..## ##..
#@....###.#.###.#. ##.##.###......#.#.... #..)....###..#.##.#.#.
#.#####.###..#.##....# #..##..#.##....# #......#.##.#..# #..#.#.#.##...#.
#............... ..........###.... ##.######### ##... #. #.#. Turn 13329 on D:7:
- so Joseph dropped his staff and snaked that artefact

Levels and vault maps discovered:
D:1:      dpeg_arrival_arbitrary_c, layout_loops_ring
D:2:      layout_loops_cross, dreamdust_ecumenical_altar_statues, st_stairs_10,
          minmay_unequal
D:3:      layout_basic, ebering_ghost_sewer_f, serial_shops, shop_fountains,
          shop, nicolae_shop_stone
D:4:      minmay_goblin_kobold_castle, layout_basic,
          mainiacjoe_overflow_catwalk, grunt_decor_clamped
D:5:      layout_loops_ring, trog_wizard, mainiacjoe_overflow_chevrons,
          minmay_temple_entry_overgrown
D:6:      layout_basic, serial_shops, nicolae_shop_window_shopping,
          nicolae_square_shop, hangedman_decor_diamond_cutter, minmay_bent,
          uniq_pikel, uniq_sigmund
D:7:      layout_loops_ring, minmay_fractal_squares_diagonal_5, uniq_menkaure,
          uniq_joseph

Skill      XL: |  1  2  3  4  5  6  7  8  9 10 |
---------------+-------------------------------+-----
Maces & Flails | 2 3 4 5 6 8 9 |  9.0
Fighting       | 4 5 7 9 |  9.0
Invocations    | 3 8 10 | 10.7
Throwing       | 1 3 |  3.0
Armour         | 3 |  3.3
Dodging        | |  0.8

Action                   |  1- 3 |  4- 6 |  7- 9 | 10-12 || total
-------------------------+-------+-------+-------+-------++-------
Melee: Mace              |    82 |   288 |   333 |       ||   703
       Flail             |       |       |    99 |   115 ||   214
       Whip              |       |       |    77 |    53 ||   130
 Fire: Hunting sling     |    37 |    98 |    61 |     1 ||   197
Throw: Stone             |    68 |       |       |       ||    68
       Dart              |       |     5 |    53 |    16 ||    74
       Boomerang         |       |       |     6 |       ||     6
Invok: Depart the Abyss  |     1 |       |       |       ||     1
       Bend Space        |       |       |    19 |     3 ||    22
       Banish            |       |       |       |     1 ||     1
Evoke: Wand              |       |       |    24 |     2 ||    26
  Use: Scroll            |       |     6 |     6 |     1 ||    13
       Potion            |       |       |     5 |     3 ||     8
Armor: Leather armour    |    10 |       |       |       ||    10
       Ring mail         |    28 |    94 |   158 |    44 ||   324
       Skin              |       |       |     6 |       ||     6
Dodge: Dodged            |    46 |   135 |   228 |    49 ||   458
Block: Other             |     6 |   115 |   211 |    50 ||   382
       Reflection        |       |    11 |     6 |     1 ||    18
